 Dungeon Crawl Stone Soup version 0.20.0-15-g7f486f2 (webtiles) character file.

10038 renl the Severer (level 11, 0/104 HPs)
             Began as a Hill Orc Monk on June 25, 2017.
             Was a High Priest of the Shining One.
             Splashed by a brown ugly thing's acid (9 damage)
             ... on level 11 of the Dungeon.
             The game lasted 00:38:03 (8584 turns).

renl the Severer (Hill Orc Monk)                    Turns: 8584, Time: 00:38:04

Health: 0/104      AC: 13    Str: 16    XL:     11   Next: 55%
Magic:  11/11      EV: 12    Int: 10    God:    the Shining One [*****.]
Gold:   541        SH:  0    Dex: 15    Spells: 10/10 levels left

rFire    . . .     SeeInvis .   x - +2 hand axe (elec)
rCold    . . .     Gourm    .   (no shield)
rNeg     + + .     Faith    .   k - quicksilver dragon scales
rPois    +         Spirit   .   (no helmet)
rElec    .         Reflect  .   (no cloak)
rCorr    .         Harm     .   (no gloves)
MR       ++...                  a - +0 pair of boots
Stlth    +.........             (no amulet)
Regen    0.3/turn               f - ring of poison resistance
MPRegen  0.2/turn               u - ring of protection from magic

@: glowing
A: no striking features
a: Divine Shield, Cleansing Flame, Summon Divine Warrior, Renounce Religion


You were on level 11 of the Dungeon.
You worshipped the Shining One.
The Shining One was extremely pleased with you.
You were hungry.

You visited 2 branches of the dungeon, and saw 12 of its levels.
You also visited: Ossuary.

You collected 541 gold pieces.

Inventory:

Hand Weapons
 x - a +2 hand axe of electrocution (weapon)
Missiles
 r - 20 tomahawks (quivered)
Armour
 a - a +0 pair of boots (worn)
 k - quicksilver dragon scales (worn)
 l - a +0 plate armour
 B - a +0 buckler
 O - a +0 troll leather armour
Jewellery
 f - a ring of poison resistance (left hand)
 u - a ring of protection from magic (right hand)
 y - an uncursed ring of wizardry
Wands
 H - a wand of paralysis (11/24)
 P - a wand of acid (9/15)
Scrolls
 d - 9 scrolls of teleportation {unknown}
 e - 7 scrolls of identify {unknown}
 h - 6 scrolls of remove curse {unknown}
 j - 7 scrolls of magic mapping {unknown}
 m - 4 scrolls of amnesia {unknown}
 n - a scroll of enchant weapon {unknown}
 o - a scroll of enchant armour {unknown}
 p - 2 scrolls of blinking {unknown}
 q - 2 scrolls of random uselessness {unknown}
 v - 5 scrolls of recharging {unknown}
 z - a scroll of fog {unknown}
 A - 2 scrolls of noise {unknown}
 I - 3 scrolls of immolation {unknown}
 J - a scroll of torment {unknown}
 Q - a scroll of summoning {unknown}
Potions
 g - 2 potions of haste {unknown}
 i - 4 potions of brilliance {unknown}
 s - 5 potions of heal wounds {unknown}
 t - 3 potions of curing {unknown}
 D - a potion of berserk rage {unknown}
 E - a potion of cancellation {unknown}
 L - 2 potions of lignification {unknown}
 N - a potion of might {unknown}
Books
 K - the Disquisition on Aid and Displacement
   (You found it on level 8 of the Dungeon)

   Spells                             Type                      Level
   a - Shroud of Golubria             Charms/Translocation         2
   b - Regeneration                   Charms/Necromancy            3
   c - Ring of Flames                 Charms/Fire                  7
   d - Disjunction                    Translocation                8
 M - a book of Conjurations

   Spells                             Type                      Level
   a - Magic Dart                     Conjuration                  1
   b - Searing Ray                    Conjuration                  2
   c - Dazzling Spray                 Conjuration/Hexes            3
   d - Fulminant Prism                Conjuration/Hexes            4
   e - Force Lance                    Conjuration/Translocation    4
   f - Iskenderun's Mystic Blast      Conjuration                  4
Miscellaneous
 G - a lightning rod (4/4)
Comestibles
 b - 8 meat rations
 c - 8 bread rations
 w - 16 fruits
 C - 6 royal jellies
 F - 6 chunks of flesh


   Skills:
 * Level 12.2 Fighting
 * Level 16.3 Axes
 + Level 7.6 Armour
 - Level 2.4 Dodging
 - Level 1.5 Stealth


You had 10 spell levels left.
You didn't know any spells.

Dungeon Overview and Level Annotations

Branches:
Dungeon (11/15)            Temple (1/1) D:5            Lair (0/6) D:10
    Orc (0/2) D:9

Altars:
Ashenzari
Cheibriados
Dithmenos
Elyvilon
Fedhas
Gozag
Hepliaklqana
Kikubaaqudgha
Makhleb
Nemelex Xobeh
Okawaru
Qazlal
Ru
Sif Muna
Trog
Uskayaw
Vehumet
Xom
Yredelemnul
Zin
The Shining One

Shops:
D:6 (?!

Annotations:
D:11 1 runed door


Message History

The brown ugly thing is heavily wounded.
You hit the brown ugly thing but do no damage.
The brown ugly thing is heavily wounded.
The brown ugly thing tail-slaps you but does no damage.
You hit the brown ugly thing but do no damage.
The brown ugly thing is heavily wounded.
You slash the brown ugly thing!
The brown ugly thing is heavily wounded.
The brown ugly thing tail-slaps you but does no damage.
You hit the brown ugly thing.
The brown ugly thing is severely wounded.
The brown ugly thing barely misses you.
You hit the brown ugly thing.
The brown ugly thing is severely wounded.
You completely miss the brown ugly thing.
The brown ugly thing is severely wounded.
The brown ugly thing tail-slaps you!
* * * LOW HITPOINT WARNING * * *
You are splashed with acid!
The acid burns!
You die...

### ..# #.# #.# #.# ########.###
.... #..........# #....
#..........# #######....
#...≈≈≈.@..# ............
####...≈≈≈≈u..##.........#.#
.......≈≈≈≈≈..#..........#.#
#######....≈≈≈≈≈..#..........#.#
#.................# .........#.#
#...........####### ...........#
#...........# ##........
#........>..# ### #..≈≈≈≈..
##.....#.....#.........##...≈≈≈..


You could see a brown ugly thing.

Vanquished Creatures
  The ghost of Vizrt the Spear-Bearer, a novice NaVM of Okawaru (D:6)
  2 unseen horrors
  The ghost of octopodefightclub the Sneak, a novice OpMo (D:5)
  2 trolls
  2 hippogriffs
  A shadow (D:11)
  A yak (D:7)
  2 wyverns
  A water elemental (D:11)
  2 hungry ghosts
  3 hogs (D:7)
  A human (D:7)
  A soldier ant (D:9)
  5 orc warriors
  2 sky beasts (D:7)
  6 ice beasts
  2 eyes of draining
  3 centaurs
  5 ogres
  A big kobold (D:9)
  6 bullfrogs
  An elf zombie (Ossuary)
  A gnoll sergeant (D:9)
  A wyvern zombie (D:7)
  A water moccasin skeleton (D:9)
  3 scorpions
  16 killer bees
  2 howler monkeys (D:9)
  2 human zombies (Ossuary)
  4 crimson imps
  6 orc priests
  4 centaur skeletons
  3 centaur zombies (Ossuary)
  3 hounds
  A jelly (D:9)
  11 orc wizards
  A bullfrog skeleton (D:5)
  4 iguanas
  11 worker ants
  A killer bee zombie (D:6)
  A big kobold zombie (Ossuary)
  A hound zombie (D:7)
  2 hound skeletons
  A killer bee simulacrum (D:10)
  2 mummies (Ossuary)
  5 gnolls (D:9)
  A howler monkey skeleton (D:8)
  12 adders
  An adder zombie (Ossuary)
  An adder skeleton (D:4)
  A worm (D:2)
  A dart slug (D:3)
  2 leopard geckos
  52 orcs
  2 giant cockroaches
  6 goblins
  7 hobgoblins
  3 jackals (D:11)
  3 quokkas
  A ball python (D:8)
  7 bats
  4 frilled lizards
  A giant cockroach zombie (D:5)
  2 goblin zombies (D:8)
  9 hobgoblin zombies (Ossuary)
  8 kobolds
  7 kobold zombies (Ossuary)
  11 orc zombies (Ossuary)
  8 rats
  2 rat zombies (Ossuary)
290 creatures vanquished.

Notes
Turn   | Place    | Note
-------+----------+-------------------------------------------
     0 | D:1      | renl the Hill Orc Monk began the quest for the Orb.
     0 | D:1      | Reached XP level 1. HP: 19/19 MP: 1/1
   230 | D:1      | Reached XP level 2. HP: 19/27 MP: 2/2
   767 | D:2      | Reached XP level 3. HP: 33/33 MP: 3/3
   784 | D:2      | Reached skill level 5 in Axes
  1211 | D:2      | Found a basalt altar of Yredelemnul.
  1211 | D:2      | Found a burning altar of Makhleb.
  1219 | D:2      | Found an ancient bone altar of Kikubaaqudgha.
  1221 | D:2      | Found a faded altar of an unknown god.
  1224 | D:2      | Found a bloodstained altar of Trog.
  1649 | D:3      | Reached XP level 4. HP: 41/41 MP: 4/4
  1657 | D:3      | Reached skill level 6 in Axes
  1954 | D:3      | Found a faded altar of an unknown god.
  2159 | D:4      | Reached XP level 5. HP: 5/47 MP: 5/5
  2569 | D:4      | Found a sparkling altar of Nemelex Xobeh.
  2579 | D:4      | Reached skill level 7 in Axes
  2613 | D:4      | Noticed a phantom
  2625 | D:4      | Reached skill level 5 in Fighting
  2828 | D:4      | Reached XP level 6. HP: 44/56 MP: 6/6
  2831 | D:4      | Reached skill level 1 in Armour
  3029 | D:4      | Reached skill level 8 in Axes
  3115 | D:5      | Entered Level 5 of the Dungeon
  3119 | D:5      | Reached XP level 7. HP: 53/61 MP: 7/7
  3327 | D:5      | Reached skill level 9 in Axes
  3394 | D:5      | Found a staircase to the Ecumenical Temple.
  3403 | Temple   | Entered the Ecumenical Temple
  3637 | Temple   | Became a worshipper of the Shining One
  3637 | Temple   | Reached * piety under the Shining One
  3637 | Temple   | Reached ** piety under the Shining One
  3744 | D:5      | Noticed octopodefightclub's ghost (novice OpMo)
  3798 | D:5      | Killed octopodefightclub's ghost
  3798 | D:5      | Reached XP level 8. HP: 58/70 MP: 8/8
  3892 | D:5      | Reached skill level 10 in Axes
  3947 | D:6      | Noticed Vizrt's ghost (novice NaVM)
  3962 | D:6      | Killed Vizrt's ghost
  3962 | D:6      | Reached skill level 11 in Axes
  3974 | D:6      | Found Joco's Magic Scroll Shoppe.
  4112 | D:6      | Found Semoll's Weapon Emporium.
  4210 | D:6      | Reached XP level 9. HP: 68/79 MP: 9/9
  4223 | D:6      | Found a hide-covered altar of Uskayaw.
  4239 | D:6      | Reached skill level 12 in Axes
  4295 | D:6      | Found Ashraargh's Distillery.
  4651 | D:6      | Found a sacrificial altar of Ru.
  4833 | D:7      | Reached skill level 5 in Armour
  4989 | D:7      | Reached skill level 13 in Axes
  5022 | D:7      | Reached XP level 10. HP: 61/90 MP: 10/10
  5097 | D:7      | Reached skill level 14 in Axes
  5368 | D:7      | Reached *** piety under the Shining One
  5466 | D:7      | Found a deep blue altar of Sif Muna.
  5719 | D:8      | Found a sand-covered staircase.
  5730 | Ossuary  | Entered an ossuary
  5759 | Ossuary  | Reached **** piety under the Shining One
  5839 | Ossuary  | Reached ***** piety under the Shining One
  6345 | D:8      | Identified the Disquisition on Aid and Displacement
  6400 | D:8      | Reached skill level 10 in Fighting
  6714 | D:9      | Found a staircase to the Orcish Mines.
  6731 | D:9      | Reached skill level 15 in Axes
  7182 | D:9      | Found a radiant altar of Vehumet.
  7391 | D:10     | Entered Level 10 of the Dungeon
  7478 | D:10     | Reached XP level 11. HP: 70/102 MP: 11/11
  7837 | D:10     | Noticed an unseen horror
  7845 | D:10     | Killed an unseen horror
  7931 | D:10     | Found a staircase to the Lair.
  8342 | D:11     | Reached skill level 16 in Axes
  8425 | D:11     | Noticed an unseen horror
  8432 | D:11     | Killed an unseen horror
  8511 | D:11     | Found a runed door.
  8563 | D:11     | Noticed a brown ugly thing
  8584 | D:11     | Splashed by a brown ugly thing's acid

Skill      XL: |  1  2  3  4  5  6  7  8  9 10 11 |
---------------+----------------------------------+-----
Fighting       | 4 5 6 7 8 11 12 | 12.2
Axes           | 5 6 7 8 9 11 13 15 16 | 16.3
Armour         | 1 3 4 6 7 |  7.6
Dodging        | |  2.4
Stealth        | |  1.5

Action                   |  1- 3 |  4- 6 |  7- 9 | 10-12 || total
-------------------------+-------+-------+-------+-------++-------
Melee: Hand axe          |   138 |   154 |   178 |   511 ||   981
 Stab: Sleeping          |     7 |     1 |       |       ||     8
  Eat: Chunk             |     1 |     6 |     5 |    14 ||    26
Armor: Robe              |    28 |       |       |       ||    28
       Plate armour      |    25 |       |       |       ||    25
       Quicksilver drago |     2 |    55 |    58 |   140 ||   255
Dodge: Dodged            |    79 |    66 |    68 |   178 ||   391
